 Dungeon Crawl Stone Soup version 0.27-a0-1256-gced786f65e (webtiles) character file.

Game seed: 4761277196224514635

201 porpoise the Conjurer (level 5, -2/28 HPs)
             Began as a Deep Elf Conjurer on June 11, 2021.
             Shot with an arrow by a centaur (6 damage)
             ... on level 4 of the Dungeon.
             The game lasted 00:07:36 (3279 turns).

porpoise the Conjurer (Deep Elf Conjurer)           Turns: 3279, Time: 00:07:37

Health: -2/28      AC:  8    Str: 10    XL:     5   Next: 50%
Magic:  10/14      EV: 12    Int: 24    God:
Gold:   266        SH:  0    Dex: 13    Spells: 3/14 levels left

rFire    . . .     SeeInvis .   b - +0 hunting sling
rCold    . . .     Faith    .   (no shield)
rNeg     . . .     Spirit   .   m - +0 robe
rPois    .         Reflect  .   (no helmet)
rElec    .         Harm     .   v - +2 cloak {Stlth+}
rCorr    .         Rampage  .   (no gloves)
Will     .....                  p - +2 pair of boots
Stlth    +++.......             (no amulet)
HPRegen  0.09/turn              q - +6 ring of strength
MPRegen  0.14/turn              (no ring)

@: no status effects
A: no striking features
a: no special abilities


You were on level 4 of the Dungeon.
You visited 1 branch of the dungeon, and saw 4 of its levels.

You collected 266 gold pieces.

Inventory:

Hand Weapons
 a - a +0 short sword
 b - a +0 hunting sling (weapon)
Missiles
 i - 103 stones (quivered ammo)
 k - 25 bolts
 t - 34 arrows
Armour
 m - a +0 robe (worn)
 p - a +2 pair of boots (worn)
 u - a +2 buckler
 v - a +2 cloak of stealth (worn)
Jewellery
 c - a ring of fire
 o - a ring of fire
 q - a +6 ring of strength (left hand)
Scrolls
 f - a scroll of vulnerability {unknown}
 l - a scroll of magic mapping {unknown}
 n - a scroll of teleportation {unknown}
 r - a scroll of enchant armour {unknown}
 s - a scroll of summoning {unknown}
Potions
 d - a potion of heal wounds {unknown}
 e - a potion of cancellation {unknown}
 g - 2 potions of might {unknown}
 h - 2 potions of berserk rage
 j - 2 potions of curing
 w - a potion of haste {unknown}


   Skills:
 - Level 2.4 Dodging
 - Level 2.4 Stealth
 + Level 1.4 Shields
 - Level 5.0 Spellcasting
 + Level 6.2 Conjurations


You had 3 spell levels left.
You knew the following spells:

 Your Spells              Type           Power      Damage    Failure   Level
a - Magic Dart            Conj           100%       1d8       1%          1
b - Searing Ray           Conj           72%        3d6       1%          2
c - Iskenderun's Mystic   Conj/Tloc      21%        2d6       24%         4
d - Fulminant Prism       Conj/Hex       10%        3d9       24%         4

Your spell library contained the following spells:

 Spells                   Type           Power      Damage    Failure   Level
 Dazzling Flash           Conj/Hex       42%        N/A       8%          3


Dungeon Overview and Level Annotations

Branches:
Dungeon (4/15)
 Temple: D:4-7

Altars:


Message History

You destroy the bullfrog skeleton!
You finish channeling your searing ray.
You start resting.
Magic restored.
Unknown command.
i - 103 stones (gained 2)
A centaur comes into view.
Found 10 gold pieces.
An endoplasm comes into view.
The centaur shouts!
The centaur wields a +0 shortbow.
The centaur shoots an arrow.
The arrow hits you.
The endoplasm quivers.
The centaur shoots an arrow.
The arrow closely misses you.
The centaur shoots an arrow.
The arrow hits you!
Casting: Searing Ray (safe; 1% risk of failure)
Confirm with . or Enter, or press ? or * to list all spells.
You can't see any susceptible monsters within range! (Use Z to cast anyway.) Unknown command.
The centaur shoots an arrow.
The arrow hits you but does no damage.
Casting: Searing Ray (safe; 1% risk of failure)
Confirm with . or Enter, or press ? or * to list all spells.
Aiming: Searing Ray (safe; 1% risk of failure)
Press: ? - help, Shift-Dir - straight line, f - endoplasm
Aim: an endoplasm (98% to hit)
The searing ray hits the endoplasm!
You kill the endoplasm!
The searing ray hits the centaur!
The centaur is heavily wounded. (Press . to maintain the ray.)
The centaur shoots an arrow.
The arrow misses you.
The centaur shoots an arrow.
The arrow closely misses you.
The searing ray misses the centaur.
The centaur shoots an arrow.
The arrow hits you but does no damage.
The searing ray hits the centaur!
The centaur is almost dead.
The centaur shoots an arrow.
The arrow hits you!
* * * LOW HITPOINT WARNING * * *
The centaur shoots an arrow.
The arrow hits you.
You die...

#. ..........
##.###........
....#........ #
........c$....#.
...........#....
................
................
.......#@...#...
........#......#
.............#..
...........#.#
..# ...........#
# #.##
......#.#.##
#..#
...######..#
#..## .## ##.##
#...# ## #..#
####...###.


You could see a centaur.

Vanquished Creatures
  A bullfrog zombie (D:3)
  A bullfrog skeleton (D:4)
  Jessica (D:3)
  An iguana (D:3)
  A hound skeleton (D:4)
  2 adders
  A worm (D:4)
  3 dart slugs
  5 ball pythons
  5 endoplasms
  2 giant cockroaches (D:1)
  7 goblins
  A hobgoblin (D:1)
  4 quokkas
  5 bats
  5 frilled lizards
  6 kobolds
  3 rats (D:1)
54 creatures vanquished.

Vanquished Creatures (others)
  9 toadstools (D:4)
9 creatures vanquished.

Grand Total: 63 creatures vanquished

Notes
Turn   | Place    | Note
-------+----------+-------------------------------------------
     0 | D:1      | porpoise the Deep Elf Conjurer began the quest for the Orb.
     0 | D:1      | Reached XP level 1. HP: 10/10 MP: 6/6
   226 | D:1      | Reached XP level 2. HP: 15/15 MP: 5/8
   312 | D:1      | Learned a level 2 spell: Searing Ray
   583 | D:1      | You fall into a shaft and drop 1 floor!
  1559 | D:2      | Reached XP level 3. HP: 19/19 MP: 8/10
  1842 | D:3      | Reached skill level 5 in Conjurations
  2027 | D:3      | Reached XP level 4. HP: 24/24 MP: 12/12
  2098 | D:3      | Found a faded altar of an unknown god.
  2535 | D:3      | Reached skill level 5 in Spellcasting
  2607 | D:3      | Learned a level 4 spell: Iskenderun's Mystic Blast
  2612 | D:3      | Learned a level 4 spell: Fulminant Prism
  2783 | D:3      | Noticed Jessica
  2787 | D:3      | Killed Jessica
  2788 | D:3      | Reached XP level 5. HP: 28/28 MP: 10/14
  2915 | D:4      | Reached skill level 6 in Conjurations
  2922 | D:4      | Reached skill level 1 in Shields
  3271 | D:4      | Noticed a centaur
  3279 | D:4      | Shot with an arrow by a centaur

Illustrated notes

Levels and vault maps discovered:
D:1:      dpeg_arrival_short_road, layout_basic
D:2:      layout_loops_corners
D:3:      layout_basic, shapermc_ecumenical_altar_hornbeckon, uniq_jessica
D:4:      cheibrodos_fertilizer, layout_layer_cave

Skill      XL: |  1  2  3  4  5 |
---------------+----------------+-----
Spellcasting   | 4 5 |  5.0
Conjurations   | 5 6 |  6.2
Shields        | 1 |  1.4
Dodging        | |  2.4
Stealth        | |  2.4

Action                   |  1- 3 |  4- 6 || total
-------------------------+-------+-------++-------
 Fire: Hunting sling     |     8 |    28 ||    36
 Cast: Magic Dart        |    34 |     4 ||    38
       Searing Ray       |     6 |    15 ||    21
  Use: Scroll            |       |     2 ||     2
Armor: Robe              |       |     5 ||     5
Dodge: Dodged            |     2 |     9 ||    11

Table legend: (Time is in decaauts)
 A = Elapsed time spent in this place.
 B = Non-inter-level travel time spent in this place.
 C = Inter-level travel time spent in this place.
 D = Time resting spent in this place.
 E = Time spent auto-exploring this place.
 F = Levels seen in this place.
 G = Mean time per level.
                   A        B        C        D        E       F      G
               +--------+--------+--------+--------+--------+-----+--------+
         Total |   3293 |   3222 |     71 |    749 |   2155 |   4 |  823.2 |
       Dungeon |   3293 |   3222 |     71 |    749 |   2155 |   4 |  823.2 |
               +--------+--------+--------+--------+--------+-----+--------+

Top non-repeatable levels by time:
     D:3: 1071 daAuts
     D:1: 922 daAuts
     D:2: 892 daAuts
     D:4: 407 daAuts
